 Dungeon Crawl Stone Soup version 0.31-a0-1612-g4aaf141004 (webtiles) character file.

Game seed: 12028352149735491985

509 eyecon the Chopper (level 6, -2/56 HPs)
             Began as a Minotaur Berserker on Jan 9, 2024.
             Was a Believer of Trog.
             Slain by an ogre
             ... wielding a +0 giant club
              (29 damage)
             ... on level 4 of the Dungeon.
             The game lasted 00:38:59 (4273 turns).

eyecon the Chopper (Minotaur Berserker)             Turns: 4273, Time: 00:39:00

Health: -2/56      AC:  9    Str: 23    XL:     6   Next: 98%
Magic:  5/5        EV:  9    Int:  4    God:    Trog [**....]
Gold:   223        SH:  0    Dex: 10    Spells: 5/5 levels left

rFire   . . .        c - +1 war axe
rCold   . . .        (no shield)
rNeg    . . .        i - +0 chain mail
rPois   .            (helmet restricted)
rElec   .            (no cloak)
rCorr   .            (no gloves)
SInv    .            (no boots)
Will    .....        q - amulet of faith Stlth
                     (no ring)
HPRegen 0.29/turn    (no ring)
MPRegen 0.09/turn

%: faith
@: no status effects
A: horns 2, retaliatory headbutt
a: Renounce Religion, Berserk, Trog's Hand


You were on level 4 of the Dungeon.
You worshipped Trog.
Trog was pleased with you.
You visited 1 branch of the dungeon, and saw 4 of its levels.

You collected 223 gold pieces.

Inventory:

Hand Weapons
 c - a +1 war axe (weapon)
 f - a +0 scythe
Armour
 i - a +0 chain mail (worn)
Jewellery
 q - an amulet of faith (around neck)
Scrolls
 d - 3 scrolls of revelation
 l - a scroll of blinking {unknown}
 o - 2 scrolls of teleportation
 p - a scroll of poison {unknown}
Potions
 a - a potion of mutation {unknown}
 b - a potion of invisibility {unknown}
 e - 2 potions of heal wounds {unknown}
 g - 2 potions of attraction {unknown}
 h - a potion of magic {unknown}
 j - 3 potions of brilliance {unknown}
 k - a potion of ambrosia {unknown}
 m - 2 potions of curing {unknown}
 n - 3 potions of lignification {unknown}


   Skills:
 + Level 5.3 Fighting
 + Level 3.1 Short Blades
 + Level 6.0 Axes
 + Level 4.5 Armour
 + Level 3.0 Dodging
 + Level 1.3 Stealth


You had 5 spell levels left.
You didn't know any spells.
Your spell library was empty.

Dungeon Overview and Level Annotations

Branches:
Dungeon (4/15)
 Temple: D:4-7

Altars:
Ashenzari
Gozag
Nemelex Xobeh


Innate Abilities, Weirdness & Mutations

You have a pair of horns on your head.
You reflexively headbutt those who attack you in melee.


Message History

You completely miss the phantom.
The phantom is heavily damaged.
The phantom closely misses you.
The phantom hits you but does no damage.
You slash the phantom!
The phantom is almost destroyed.
The phantom hits you but does no damage.
You slash the phantom!
You destroy the phantom!
Trog accepts your kill.
Your Axes skill increases to level 6!
Your Dodging skill increases to level 3!
Found a coppery potion.
You open the door.
There is an open door here.
There is a broken altar of Ashenzari here.
You open the door.
Found a blackened garnet amulet.
There is an open door here.
q - an amulet of faith
Okay, then.
Unknown command.
You start putting on your amulet.
You continue putting on your amulet of faith. x5
You finish putting on your amulet of faith.
You feel a surge of divine interest.
q - an amulet of faith (around neck)
m - 2 emerald potions (gained 1)
You see here a +0 dagger.
An ogre comes into view. It is wielding a +0 giant club.
You open the door. You barely miss the ogre. You headbutt the ogre.
The ogre is lightly wounded.
The ogre hits you with a +0 giant club!!
Ouch! That really hurt!
You slash the ogre!
The ogre is heavily wounded.
The ogre hits you with a +0 giant club!!
Ouch! That really hurt!
You die...

...# ...## #... #.. #.#
###.## ......!
#########..O.### .......
#..........@...# .......
#......###'###.# .......
#......# #.# #.# .......
#......###.###.##.......
#......'.._..'..........
#......#######..........
##......# ### #..........
##.......#######..........
#.........................


You could see an ogre.

Vanquished Creatures
  Sigmund (D:3)
  A phantom (D:4)
  A jelly (D:4)
  Jessica (D:2)
  An iguana (D:4)
  4 gnolls (D:3)
  6 adders
  A river rat (D:3)
  8 ribbon worms
  2 orcs (D:3)
  2 bats (D:1)
  8 endoplasms
  3 giant cockroaches (D:1)
  5 goblins
  5 hobgoblins
  3 kobolds
  A quokka (D:3)
  7 ball pythons
  2 frilled lizards (D:1)
  3 rats (D:3)
65 creatures vanquished.

Notes
Turn   | Place    | Note
-------+----------+-------------------------------------------
     0 | D:1      | eyecon the Minotaur Berserker began the quest for the Orb.
     0 | D:1      | Reached XP level 1. HP: 19/19 MP: 0/0
   754 | D:1      | Reached XP level 2. HP: 27/27 MP: 1/1
   760 | D:1      | Reached skill level 4 in Axes
  2108 | D:2      | Noticed Jessica
  2119 | D:2      | Reached skill level 1 in Short Blades
  2119 | D:2      | Reached XP level 3. HP: 33/34 MP: 2/2
  2119 | D:2      | Killed Jessica
  2435 | D:2      | Reached XP level 4. HP: 41/41 MP: 3/3
  3065 | D:3      | Reached ** piety under Trog
  3102 | D:3      | Found a sparkling altar of Nemelex Xobeh.
  3102 | D:3      | Found an opulent altar of Gozag.
  3182 | D:3      | Found a faded altar of an unknown god.
  3208 | D:3      | Noticed Sigmund
  3219 | D:3      | Killed Sigmund
  3220 | D:3      | Reached skill level 5 in Fighting
  3220 | D:3      | Reached XP level 5. HP: 48/48 MP: 4/4
  3294 | D:3      | Reached XP level 6. HP: 55/56 MP: 5/5
  3384 | D:3      | Reached skill level 5 in Axes
  4061 | D:4      | Reached skill level 1 in Stealth
  4154 | D:4      | Found a broken altar of Ashenzari.
  4190 | D:4      | Reached skill level 6 in Axes
  4273 | D:4      | Slain by an ogre

Illustrated notes

Levels and vault maps discovered:
D:1:      dpeg_arrival_radiant, layout_loops_ring, minmay_tetromino_i2
D:2:      layout_rooms, hangedman_decor_opposing, uniq_jessica
D:3:      layout_basic, grunt_temple_overflow_opulence,
          lightli_sewer_entry_pipes, shapermc_ecumenical_altar_mp_vishouse,
          grunt_ministairs_3, uniq_sigmund
D:4:      layout_rooms, lemuel_doored_altar, minmay_temple_entry_trees,
          nrook_mini_backslash

Skill      XL: |  1  2  3  4  5  6 |
---------------+-------------------+-----
Fighting       | 4 5 |  5.3
Axes           | 4 6 |  6.0
Short Blades   | 1 3 |  3.1
Armour         | 4 |  4.5
Stealth        | 1 |  1.3
Dodging        | 3 |  3.0

Action                     |  1- 3 |  4- 6 || total
---------------------------+-------+-------++-------
  Melee: Hand axe          |    15 |       ||    15
         Headbutt          |     8 |    22 ||    30
         Rapier            |    21 |       ||    21
         War axe           |     5 |   149 ||   154
         Punch             |       |     4 ||     4
    Use: Scroll            |       |     6 ||     6
 Armour: Ring mail         |     9 |       ||     9
         Scale mail        |    13 |    19 ||    32
         Chain mail        |       |    80 ||    80
  Dodge: Dodged            |    31 |    89 ||   120

Table legend: (Time is in decaauts)
 A = Elapsed time spent in this place.
 B = Non-inter-level travel time spent in this place.
 C = Inter-level travel time spent in this place.
 D = Time resting spent in this place.
 E = Time spent auto-exploring this place.
 F = Levels seen in this place.
 G = Mean time per level.
                   A        B        C        D        E       F      G
               +--------+--------+--------+--------+--------+-----+--------+
         Total |   4352 |   3922 |    430 |   1035 |      0 |   4 | 1088.0 |
       Dungeon |   4352 |   3922 |    430 |   1035 |      0 |   4 | 1088.0 |
               +--------+--------+--------+--------+--------+-----+--------+

Top non-repeatable levels by time:
     D:1: 2058 daAuts
     D:3: 1257 daAuts
     D:2: 782 daAuts
     D:4: 253 daAuts
